 Dungeon Crawl Stone Soup version bcrawl-1.21.2-20-g6d45ba5942 (webtiles) character file.

Game seed: 10324583892943783683

53 BeastOfSaturn the Sneak (level 3, -1/19 HPs)
             Began as a Vine Stalker Enchanter on Feb 28, 2020.
             Slain by a worm (9 damage)
             ... on level 2 of the Dungeon.
             The game lasted 00:04:27 (1036 turns).

BeastOfSaturn the Sneak (Vine Stalker Enchanter)    Turns: 1036, Time: 00:04:28

Health: -1/19      AC:  3    Str: 11    XL:     3   Next: 89%
Magic:  7/7        EV: 13    Int: 15    God:
Gold:   48         SH:  0    Dex: 14    Spells: 5/6 levels left

rFire    . . .     SeeInvis .   c - +0 dagger (curse)
rCold    . . .     Gourm    .   (no shield)
rNeg     . . .     Faith    .   b - +0 robe
rPois    .         Spirit   .   j - +0 helmet
rElec    .         Reflect  .   (no cloak)
rCorr    .         Harm     .   (no gloves)
MR       .....                  (no boots)
Stlth    +++.......             (no amulet)
HPRegen  0.46/turn              (no ring)
MPRegen  0.10/turn              (no ring)

@: no status effects
A: fangs 2, regeneration 1, no potion heal 3, rot immunity, strong jaws
a: no special abilities


You were on level 2 of the Dungeon.
You were hungry.

You visited 1 branch of the dungeon, and saw 2 of its levels.

You collected 48 gold pieces.

Inventory:

Hand Weapons
 a - a +1 dagger
 c - a cursed +0 dagger (weapon)
 g - a cursed -1 short sword
 h - a +2 dagger of speed
Armour
 b - a +0 robe (worn)
 j - a +0 helmet (worn)
Wands
 n - a wand of polymorph (9)
Scrolls
 d - 2 scrolls of fog
 o - a scroll of enchant weapon {unknown}
Potions
 f - a potion of invisibility
 i - a potion of resistance {unknown}
 k - a potion of mutation {unknown}
 l - a potion of haste {unknown}
 m - 2 potions of flight {unknown}
 p - 2 potions of agility {unknown}
 q - a potion of curing {unknown}
Comestibles
 e - 4 rations {!d}


   Skills:
 + Level 0.1 Fighting
 - Level 0.8 Short Blades
 * Level 0.9 Armour
 + Level 2.5 Dodging
 - Level 4.4 Stealth
 + Level 2.3 Spellcasting
 * Level 4.0 Hexes


You had 5 spell levels left.
You knew the following spells:

 Your Spells              Type           Power        Failure   Level  Hunger
a - Corona                Hex            ##.....      4%          1    #......

Your spell library contained the following spells:

 Spells                   Type           Power        Failure   Level  Hunger
 Confuse                  Hex            ##......     12%         3    ###....
 Tukima's Dance           Hex            ##......     12%         3    ###....
 Ensorcelled Hibernation  Hex/Ice        #.....       14%         2    ###....
 Dazzling Spray           Conj/Hex       #.....       28%         3    ###....


Dungeon Overview and Level Annotations

Branches:
Dungeon (2/12)

Altars:


Innate Abilities, Weirdness & Mutations

You have extremely sharp teeth.
Your natural rate of healing is unusually fast.
Potions cannot restore your health.
You are immune to rotting.
Your bites deal extra damage.


Message History

You hit the kobold. You bite the kobold.
You kill the kobold!
q - a golden potion
Items here: )) †† a +0 club; a +0 short sword; a goblin corpse; a kobold corpse
Things that are here:
a +0 club; a goblin corpse You hit the worm.
The worm is lightly wounded.
The worm closely misses you.
You hit the worm but do no damage.
The worm is lightly wounded.
You hit the worm but do no damage.
The worm is lightly wounded.
The worm bites you!
Ouch! That really hurt!
You hit the worm. You bite the worm.
The worm is moderately wounded.
The worm bites you!
You die...

.#......#############........<#
....................>.#########
##......########.###..#
#....))# #)# #..# #.)....#
###)###..# #......# #........#
###..### #.#.####.# ##.# #.#.#
#.###### #..# #.#@# #......#
####.## #.#w# #.####.# #......
..#.####### #.# #.....##
###.#.....# #.# ###......#
#.#.###.###.# .........#
#.#.........#
.........#######.#####.#####
........w.w.w..........#
..............##.#######


You could see a worm.

Vanquished Creatures
  A worm (D:2)
  4 dart slugs (D:2)
  2 leopard geckos
  An orc (D:2)
  2 giant cockroaches
  4 goblins (D:2)
  4 hobgoblins
  2 jackals (D:1)
  A quokka (D:2)
  5 bats
  4 frilled lizards
  6 kobolds
  2 rats
38 creatures vanquished.

Notes
Turn   | Place    | Note
-------+----------+-------------------------------------------
     0 | D:1      | BeastOfSaturn the Vine Stalker Enchanter began the quest
                  | for the Orb.
     0 | D:1      | Reached XP level 1. HP: 10/10 MP: 4/4
   186 | D:1      | Reached XP level 2. HP: 15/15 MP: 6/6
   628 | D:2      | Reached XP level 3. HP: 19/19 MP: 7/7
  1036 | D:2      | Slain by a worm

Skill      XL: |  1  2  3 |
---------------+----------+-----
Hexes          | 4 |  4.0
Fighting       | |  0.1
Short Blades   | |  0.8
Armour         | |  0.9
Dodging        | |  2.5
Stealth        | |  4.4
Spellcasting   | |  2.3

Action                   || total
-------------------------++-------
Melee: Dagger            ||   155
       Bite              ||    12
 Cast: Corona            ||     3
  Use: Scroll            ||     1
 Stab: Sleeping          ||    15
Armor: Robe              ||    39
Dodge: Dodged            ||   135
